 Dungeon Crawl Stone Soup version 0.29-a0-330-g52719c12eb (webtiles) character file.

Game seed: 9421769818789661553

104 MalarOregon the Skirmisher (level 4, -4/37 HPs)
             Began as a Palentonga Fighter on Apr 18, 2022.
             Slain by an orc
             ... wielding a +0 flail
              (8 damage)
             ... on level 4 of the Dungeon.
             The game lasted 00:06:24 (3474 turns).

MalarOregon the Skirmisher (Palentonga Fighter)     Turns: 3474, Time: 00:06:24

Health: -4/37      AC:  6    Str: 21    XL:     4   Next: 52%
Magic:  4/4        EV:  7    Int:  8    God:
Gold:   70         SH:  4    Dex: 10    Spells: 3/3 levels left

rFire   . . .      SeeInvis +   a - +0 flail {mace}
rCold   . . .      Faith    +   c - +0 buckler
rNeg    . . .      Spirit   .   b - +0 scale mail
rPois   .          Reflect  .   (no helmet)
rElec   .          Harm     .   (no cloak)
rCorr   .          Rampage  .   (no gloves)
Will    .....                   (no barding)
Stlth   ..........              n - amulet of faith {!P}
HPRegen 0.12/turn               (no ring)
MPRegen 0.09/turn               (no ring)

@: no status effects
A: large, rugged brown scales 3, see invisible, deformed body, roll 1, armoured
tail
a: Rolling Charge


You were on level 4 of the Dungeon.
You visited 1 branch of the dungeon, and saw 4 of its levels.

You collected 190 gold pieces.
You spent 120 gold pieces at shops.


Innate Abilities, Weirdness & Mutations

You are completely covered in rugged brown scales. (AC +3, +7% HP)
You have supernaturally acute eyesight. (SInv)
Armour fits poorly on your strangely shaped body.
You can roll at nearby foes to attack.
You have a long armoured tail.


   Skills:
 + Level 3.4 Fighting
 * Level 3.2 Maces & Flails
 + Level 2.8 Armour
 + Level 1.1 Dodging
 + Level 2.8 Shields


You had 3 spell levels left.
You didn't know any spells.
Your spell library was empty.

Inventory:

Hand Weapons
 a - a +0 flail (weapon) {mace}
 e - a +2 dagger of holy wrath {short}
   (You took it off a goblin on level 1 of the Dungeon)
 s - a +2 short sword of flaming {short}
   (You took it off a kobold on level 2 of the Dungeon)
 u - a +0 trident of venom {polearm}
   (You found it on level 2 of the Dungeon)
Missiles
 g - 137 stones {throwing}
 q - 5 poisoned darts {throwing}
Armour
 b - a +0 scale mail (worn)
 c - a +0 buckler (worn)
Jewellery
 n - an amulet of faith (around neck) {!P}
   (You found it on level 2 of the Dungeon)
Scrolls
 f - a scroll of fear {unknown}
 k - a scroll of fog {unknown}
 l - a scroll of summoning {unknown}
 p - 2 scrolls of immolation {unknown}
 r - a scroll of amnesia {unknown}
 t - a scroll of acquirement {unknown}
 v - 2 scrolls of identify {@r1}
 w - 2 scrolls of noise {unknown}
Potions
 d - 2 potions of might
 h - a potion of curing {unknown}
 i - 2 potions of attraction {unknown}
 j - 2 potions of berserk rage {unknown}
 m - 2 potions of haste {@q3}
 o - 2 potions of heal wounds {unknown}

Dungeon Overview and Level Annotations

Branches:
Dungeon (4/15)
 Temple: D:4-7

Altars:

Shops:
D:3

* ####### #....<#
#.....# #..#@.#
#...o.# #.....#
##..<†.##
####.......##### #
#..............#.#
#.##.............#
....#..........###
#.#................


You could see an orc.


Message History

You hit the worm. The worm bites you. 😮 HP[-3]
You take 3 damage, and now have 20/37 hp.
You barely miss the worm. The worm bites you but does no damage.
You barely miss the worm. The worm bites you.
* * * LOW HITPOINT WARNING * * *
😨 HP[-5]
You take 5 damage, and now have 15/37 hp.
Unknown command.
You sock the worm!
You kill the worm!
You start resting.
A dart slug comes into view. 😕 HP[+20]
You regained 20 hp, and now have 35/37 hp.
The dart slug briefly extends its eye-stalks.
Roll where?
Press: ? - help, Q - select action, (/) - cycle Dir - move target, f - dart slug
Aim: a dart slug You roll forward with a clatter of scales!
An orc comes into view. It is wielding a +0 trident.
You sock the dart slug!
You kill the dart slug!
The orc shouts!
You hear a shout!
The orc moves out of view.
An orc comes into view.
It is wielding a +1 antimagic war axe. 😕 HP[+1]
The orc shouts!
Roll where?
Press: ? - help, Q - select action, (/) - cycle Dir - move target, f - orc
Aim: an orc, wielding a +1 antimagic war axe and wearing a +0 leather armour You roll forward with a clatter of scales!
An orc comes into view. It is wielding a +0 flail.
You sock the orc!
You kill the orc!
You block the orc's attack.
Roll where?
Press: ? - help, Q - select action, (/) - cycle Dir - move target, f - orc
Aim: an orc, wielding a +0 trident You roll forward with a clatter of scales!
You sock the orc!
You kill the orc!
You hear a shout!
You barely miss the orc. The orc hits you with a +0 flail!
The orc completely misses you. 😕 HP[-8]
You take 8 damage, and now have 28/37 hp.
MASSIVE DAMAGE!! (PAUSE)
You completely miss the orc.
Your tail-slap misses the orc.
The orc closely misses you.
You completely miss the orc.
The orc hits you but does no damage. 😕 HP[+1]
You hit the orc but do no damage.
The orc hits you with a +0 flail. 😮 HP[-2]
You take 2 damage, and now have 27/37 hp.
You are too injured to fight recklessly!
You are too injured to fight recklessly!
You barely miss the orc. You tail-slap the orc.
The orc hits you but does no damage. You block the orc's attack.
You hit the orc but do no damage. The orc hits you but does no damage.
You hit the orc but do no damage.
The orc hits you with a +0 flail. 😮 HP[-2]
You take 2 damage, and now have 25/37 hp.
You hit the orc but do no damage.
The orc hits you with a +0 flail. 😮 HP[-3]
You take 3 damage, and now have 22/37 hp.
You hit the orc.
Your tail-slap misses the orc.
You block the orc's attack. The orc closely misses you.
You completely miss the orc. The orc hits you with a +0 flail!
* * * LOW HITPOINT WARNING * * *
😨 HP[-6]
You take 6 damage, and now have 16/37 hp.
You hit the orc but do no damage. You block the orc's attack.
You hit the orc but do no damage. The orc hits you with a +0 flail!
* * * LOW HITPOINT WARNING * * *
😱 HP[-7]
You take 7 damage, and now have 9/37 hp.
The orc attacks as you move away! You block the orc's attack.
The orc attacks as you move away!
The orc hits you but does no damage. 😨 HP[+1]
The orc attacks as you move away! The orc hits you with a +0 flail.
* * * LOW HITPOINT WARNING * * *
😱 HP[-2]
You take 2 damage, and now have 8/37 hp.
Unknown command.
There is a stone staircase leading up here.
The orc attacks as you move away! The orc hits you with a +0 flail.
* * * LOW HITPOINT WARNING * * *
😱 HP[-4]
You take 4 damage, and now have 4/37 hp.
Unknown command.
Press: ? - help, v - describe, . - travel, g - get item
Here: an orc, wielding a +0 flail and wearing a +0 chain mail (moderately wounded) Item here: a worm corpse.
The floor.
Things that are here:
a +0 club {mace}; a goblin skeleton The orc attacks as you move away!
The orc hits you but does no damage. The orc attacks as you move away!
The orc hits you with a +0 flail!
You die...

Skill      XL: |  1  2  3  4 |
---------------+-------------+-----
Maces & Flails | 3 |  3.2
Dodging        | 1 |  1.1
Fighting       | |  3.4
Armour         | |  2.8
Shields        | |  2.8

Action                   |  1- 3 |  4- 6 || total
-------------------------+-------+-------++-------
Melee: Flail             |   142 |    85 ||   227
       Tailslap          |    14 |     3 ||    17
 Abil: Rolling Charge    |       |     5 ||     5
Armor: Scale mail        |    75 |    37 ||   112
Dodge: Dodged            |    50 |    19 ||    69
Block: Buckler           |    17 |    20 ||    37

Levels and vault maps discovered:
D:1:      ncdulo_halloftheorcs, layout_basic,
          hellmonk_ecumenical_altar_inner_sanctum, serial_bayou_pond_c,
          nicolae_wormholes
D:2:      layout_loops_ring
D:3:      cheibrodos_old_hovel, layout_rooms, serial_shops, shop,
          serial_co_window_serial, co_window_paths_b, co_window_corner_a,
          co_window_corner_a, co_window_paths_a, co_window_corner_a,
          co_window_cross_3, co_window_corner_cb, co_window_unsneaky_path_b,
          co_window_broadway_c, glass_columns_c, glass_columns_a
D:4:      layout_loops_cross, mainiacjoe_overflow_small_starburst,
          minmay_tree_intersection

Notes
Turn   | Place    | Note
-------+----------+-------------------------------------------
     0 | D:1      | MalarOregon the Palentonga Fighter began the quest for the
                  | Orb.
     0 | D:1      | Reached XP level 1. HP: 19/19 MP: 1/1
     0 | D:1      | magus.rc [v1.9.6]
   161 | D:1      | You fall into a shaft and drop 1 floor!
   189 | D:2      | Reached XP level 2. HP: 14/25 MP: 2/2
   741 | D:1      | Reached XP level 3. HP: 26/31 MP: 3/3
  1162 | D:1      | Found a faded altar of an unknown god.
  1358 | D:1      | magus.rc [v1.9.6]
  2072 | D:2      | Reached skill level 3 in Maces & Flails
  2073 | D:2      | Reached XP level 4. HP: 31/37 MP: 4/4
  2223 | D:2      | Reached skill level 1 in Dodging
  2307 | D:3      | Found Yfopargh's General Store.
  2445 | D:3      | Bought a scroll of identify for 20 gold pieces
  2445 | D:3      | Bought a potion of haste for 100 gold pieces
  2458 | D:3      | Identified the +1 hand crossbow of Wyrd {penet, Will+
                  | Stlth+}
  3461 | D:4      | HP: 9/37 [orc/+0 flail (7)]
  3467 | D:4      | HP: 8/37 [orc/+0 flail (2)]
  3474 | D:4      | Slain by an orc

Vanquished Creatures
  2 adders
  3 worms
  4 dart slugs
  2 orcs (D:4)
  4 endoplasms
  A giant cockroach (D:2)
  8 goblins
  6 hobgoblins
  4 jackals (D:2)
  6 kobolds
  3 quokkas
  7 ball pythons
  4 bats
  3 frilled lizards
  8 rats
65 creatures vanquished.

Vanquished Creatures (others)
  4 plants (D:1)
4 creatures vanquished.

Grand Total: 69 creatures vanquished

Table legend:
 A = Non-vault XP
 B = Vault XP
 C = Vault XP percentage of total XP
 D = Non-vault monster count
 E = Vault monster count
 F = Vault count percentage of total count
                 A         B        C        D         E       F
            +---------+---------+-------+---------+---------+-------
      Total |     142 |       7 |   4.7 |      63 |       2 |   3.1
            +---------+---------+-------+---------+---------+-------
        D:1 |      32 |       0 |   0.0 |      21 |       0 |   0.0
        D:2 |      67 |       5 |   6.9 |      28 |       1 |   3.4
        D:3 |      24 |       2 |   7.7 |       8 |       1 |  11.1
        D:4 |      19 |       0 |   0.0 |       6 |       0 |   0.0
            +---------+---------+-------+---------+---------+-------

Illustrated notes

Table legend:
 A = Kills in this place as a percentage of kills in entire the game.
 B = Kills by you in this place as a percentage of kills by you in the entire game.
 C = Kills by friends in this place as a percentage of kills by friends in the entire game.
 D = Other kills in this place as a percentage of other kills in the entire game.
 E = Experience gained in this place as a percentage of experience gained in the entire game.
 F = Experience gained in this place divided by the number of levels of this place that you have seen.
                   A       B       C       D       E      F
               +-------+-------+-------+-------+-------+----------------------
         Total | 100.0 | 100.0 |   N/A |   N/A | 100.0 |  37.2
       Dungeon | 100.0 | 100.0 |   N/A |   N/A | 100.0 |  37.2
               +-------+-------+-------+-------+-------+----------------------

Table legend: (Time is in decaauts)
 A = Elapsed time spent in this place.
 B = Non-inter-level travel time spent in this place.
 C = Inter-level travel time spent in this place.
 D = Time resting spent in this place.
 E = Time spent auto-exploring this place.
 F = Levels seen in this place.
 G = Mean time per level.
                   A        B        C        D        E       F      G
               +--------+--------+--------+--------+--------+-----+--------+
         Total |   3550 |   3468 |     82 |    474 |   2464 |   4 |  887.5 |
       Dungeon |   3550 |   3468 |     82 |    474 |   2464 |   4 |  887.5 |
               +--------+--------+--------+--------+--------+-----+--------+

Top non-repeatable levels by time:
     D:2: 1229 daAuts
     D:1: 1133 daAuts
     D:3: 957 daAuts
     D:4: 230 daAuts
